 Dungeon Crawl Stone Soup version 0.21-a0 (webtiles) character file.

30 Manul the Charlatan (level 3, -1/29 HPs)
             Began as a Draconian Artificer on May 20, 2017.
             Slain by a gnoll
             ... wielding a +0 halberd
              (11 damage)
             ... on level 1 of the Dungeon.
             The game lasted 00:01:13 (1398 turns).

Manul the Charlatan (Draconian Artificer)           Turns: 1398, Time: 00:01:13

Health: -1/29      AC:  5    Str: 14    XL:     3   Next: 3%
Magic:  5/5        EV: 12    Int: 11    God:
Gold:   74         SH:  0    Dex: 12    Spells: 2/2 levels left

rFire    . . .     SeeInvis .   h - +0 whip (elec)
rCold    . . .     Gourm    .   (no shield)
rNeg     . . .     Faith    .   (armour unavailable)
rPois    .         Spirit   .   (helmet restricted)
rElec    .         Reflect  .   (no cloak)
rCorr    .         Harm     .   (no gloves)
MR       .....                  (no boots)
Stlth    +.........             (no amulet)
Regen    0.1/turn               (no ring)
MPRegen  0.1/turn               (no ring)

@: no status effects
A: unfitting armour, cold-blooded, AC +5
a: no special abilities


You were on level 1 of the Dungeon.
You were not hungry.

You visited 1 branch of the dungeon, and saw 2 of its levels.

You collected 74 gold pieces.

Inventory:

Hand Weapons
 a - a +0 short sword
 h - a +0 whip of electrocution (weapon)
Wands
 b - a wand of flame (15/48)
 c - a wand of enslavement (15/24)
 d - a wand of random effects (15/48)
Scrolls
 e - a scroll of immolation {unknown}
 g - a scroll of remove curse {unknown}
 i - a scroll of enchant armour {unknown}
Potions
 k - a potion of lignification {unknown}
Comestibles
 f - a bread ration
 j - a meat ration
 l - 2 chunks of flesh


   Skills:
 + Level 1.7 Fighting
 - Level 1.1 Short Blades
 * Level 0.4 Maces & Flails
 + Level 2.2 Dodging
 + Level 0.8 Stealth
 + Level 3.5 Evocations


You had 2 spell levels left.
You didn't know any spells.

Dungeon Overview and Level Annotations

Branches:
Dungeon (2/15)

Altars:


Innate Abilities, Weirdness & Mutations

Your plain brown scales are hard. (AC +5)
You cannot fit into any form of body armour.
You are cold-blooded and may be slowed by cold attacks.


Message History

No target in view!
No target in view!
No target in view!
No target in view!
Eating one of 3 chunks of flesh.
You eat one of the 3 chunks of flesh.
This raw flesh tastes terrible.
A gnoll comes into view. It is wielding a halberd.
A gnoll is nearby!
A gnoll is nearby!
The hobgoblin shouts!
The gnoll shouts!
The hobgoblin barely misses you. The gnoll hits you with a halberd!
You closely miss the gnoll. The hobgoblin misses you.
The gnoll hits you with a halberd!
You are too injured to fight recklessly!
You are too injured to fight recklessly!
You are too injured to fight recklessly!
You are too injured to fight recklessly!
You are too injured to fight recklessly!
The gnoll hits you from afar with a halberd!
You die...

#.######.# #.# #.# ###
#.# ####.####### #.. #.#
#..........# #... #.#
#..........### #....
#.###..........#..
#....###.##...#.#######..
#....'.#.#.....>.........
#....#'#@#....#.#######..
#.(.g.#....#........## #
#..g..#....#.#####....
#.#.....#.#)............
#.#.....#.#.##.##.......
#.....#...#.##.##......#
#.........#.##.##.......
#...).....#.#...........
#.........#.#...........


You could see a gnoll and a hobgoblin.

Vanquished Creatures
  An ooze (D:1)
  2 dart slugs (D:1)
  4 giant cockroaches (D:1)
  2 hobgoblins (D:1)
  3 bats (D:1)
  3 frilled lizards (D:1)
  4 kobolds (D:1)
  4 rats (D:1)
23 creatures vanquished.

Notes
Turn   | Place    | Note
-------+----------+-------------------------------------------
     0 | D:1      | Manul the Draconian Artificer began the quest for the Orb.
     0 | D:1      | Reached XP level 1. HP: 16/16 MP: 3/3
   405 | D:1      | Reached XP level 2. HP: 23/23 MP: 4/4
   524 | D:1      | HP: 1/23 [hobgoblin/hand axe (1)]
  1359 | D:1      | Reached XP level 3. HP: 21/28 MP: 5/5
  1398 | D:1      | Slain by a gnoll

Vault maps used:
D:1:      noname_arrival_rooms_in_the_neighbourhood
D:2:      minmay_wonky_spiral, first_bread, minmay_small_reverse_x, uniq_robin

Skill      XL: |  1 |
---------------+----+-----
Dodging        | 2 |  2.2
Fighting       | |  1.7
Short Blades   | |  1.1
Maces & Flails | |  0.4
Stealth        | |  0.8
Evocations     | |  3.5

Action                   || total
-------------------------++-------
Melee: Short sword       ||    58
       Tailslap          ||     7
       Whip              ||    36
  Use: Potion            ||     1
  Eat: Chunk             ||     2
Armor: Skin              ||    46
Dodge: Dodged            ||    67
